Senators vs Panthers

Created - 14 mars 2021 at 20:52

Goals
1 2 3 T
Senators 0 0 2 2
Panthers 2 2 0 4
Shots
1 2 3 T
Senators 4 8 11 23
Panthers 23 14 9 46

1st period

1. Panthers , Andrew Copp 14 (Oskar Sundqvist 10) at 1:26
2. Panthers , Sebastian Aho 27 (Quinn Hughes 56, Alex Ovechkin 33) at 11:24 (PP)

Penalties :
Mike Green (OTT) for Hooking (Minor) at 2:34, Chris Wagner (OTT) for Hooking (Minor) at 6:18, Colin Miller (OTT) for Diving (Minor) at 10:50

2nd period

3. Panthers , Matthew Tkachuk 21 (Jonathan Huberdeau 27, Samuel Girard 34) at 0:27
4. Panthers , Alex Ovechkin 37 (Quinn Hughes 57, Dylan Larkin 45) at 13:04 (PP)

Penalties :
Mike Green (OTT) for Holding Stick (Minor) at 5:22, Colton Parayko (FLA) for Holding (Minor) at 10:16, Anthony Mantha (OTT) for Hooking (Minor) at 11:32

3rd period

5. Senators , Blake Comeau 4 (Vladimir Tarasenko 26, Andy Greene 11) at 1:26
6. Senators , Eric Staal 13 (Chris Wagner 12, Colin Miller 16) at 11:08

Penalties :
Justin Falk (OTT) for Roughing (Minor) at 3:59, Nate Thompson (FLA) for Hooking (Minor) at 11:29

Goalie Stats

Anton Khudobin (OTT), 42 saves from 46 shots - (0,913), L, 7-21-5, 60:00 minutes
Corey Crawford (FLA), 21 saves from 23 shots - (0,913), W, 55-1-3, 60:00 minutes

Players Stats for Senators

Player Name              G  A  P  +/- PIM S  H  SB GA TA FO     MP     PP MP  PK MP  
------------------------------------------------------------------------------------
Alex Galchenyuk          0  0  0   1  0   1  1  0  0  0  7/12    7:50   1:10   0:22 
Alex Goligoski           0  0  0  -1  0   0  2  2  0  0  0/0    25:48   1:40   5:17 
Andy Greene              0  1  1   2  0   0  1  0  0  0  0/0    20:52   1:35   4:43 
Anthony Mantha           0  0  0  -1  2   1  3  0  0  0  1/3    18:41   1:51   2:28 
Blake Comeau             1  0  1   1  0   2  4  1  0  0  1/1    16:05   1:23   0:00 
Chris Wagner             0  1  1   1  2   0  1  0  0  0  0/1     4:11   0:00   0:00 
Colin Miller             0  1  1   2  2   0  4  0  0  0  0/0    19:44   1:35   3:36 
Derek Ryan               0  0  0   1  0   0  0  0  0  0  0/4     4:12   0:00   0:00 
Eric Staal               1  0  1   0  0   3  0  0  0  0  16/34  26:07   1:49   5:18 
Jason Spezza             0  0  0  -1  0   2  0  0  0  0  9/15   13:39   0:00   0:00 
Justin Falk              0  0  0  -1  2   0  2  0  0  0  0/0    15:40   0:00   1:40 
Mark Stone               0  0  0  -1  0   3  2  0  0  0  1/1    22:53   1:52   5:56 
Mike Green               0  0  0  -1  4   3  2  2  0  0  0/0    23:51   1:40   3:22 
Robert Hagg              0  0  0  -1  0   0  0  0  0  0  0/0    14:01   0:00   0:00 
Roope Hintz              0  0  0  -1  0   3  1  0  0  0  0/3    13:27   0:00   0:00 
Valtteri Filppula        0  0  0   0  0   2  1  0  0  0  8/15    8:45   0:16   0:00 
Vladimir Tarasenko       0  1  1   1  0   1  1  0  0  0  1/6    19:06   1:23   3:01 
Vladislav Namestnikov    0  0  0  -1  0   2  1  0  0  0  1/1    15:00   0:00   1:33 

Players Stats for Panthers

Player Name              G  A  P  +/- PIM S  H  SB GA TA FO     MP     PP MP  PK MP  
------------------------------------------------------------------------------------
Aleksander Barkov        0  0  0   0  0   2  1  0  0  0  17/30  21:23   5:00   0:08 
Alex Ovechkin            1  1  2   0  0   4  2  1  0  0  1/2    20:53   4:19   0:00 
Andrew Copp              1  0  1   0  0   4  0  0  0  0  1/2    10:40   0:00   0:00 
Colton Parayko           0  0  0   1  2   3  4  0  0  0  0/0    22:18   4:53   1:16 
Derek Grant              0  0  0   0  0   0  0  0  0  0  0/2     4:41   0:00   0:44 
Dylan Larkin             0  1  1   0  0   2  0  0  0  0  17/26  20:53   4:19   0:00 
Jean-Gabriel Pageau      0  0  0   0  0   0  2  0  0  0  11/24  13:11   0:00   2:31 
Jeff Petry               0  0  0  -1  0   3  3  1  0  0  0/0    23:16   4:26   1:46 
Jonathan Huberdeau       0  1  1   0  0   4  0  0  0  0  0/0    21:15   5:00   0:00 
Matt Calvert             0  0  0   0  0   0  1  0  0  0  0/1     4:41   0:00   0:44 
Matthew Tkachuk          1  0  1   0  0   6  3  0  0  0  0/2    20:49   5:00   0:00 
Nate Thompson            0  0  0   0  2   0  0  0  0  0  4/7     3:56   0:00   0:00 
Oskar Sundqvist          0  1  1   0  0   1  0  0  0  0  0/0    13:03   0:00   2:23 
Philippe Myers           0  0  0   0  0   0  2  3  0  0  0/0    15:06   0:00   0:00 
Quinn Hughes             0  2  2  -1  0   2  0  2  0  0  0/0    21:56   4:26   1:46 
Samuel Girard            0  1  1   1  0   3  0  0  0  0  0/0    21:42   4:53   0:13 
Sebastian Aho            1  0  1   0  0   8  0  0  0  0  0/0    20:36   4:19   0:00 
Zdeno Chara              0  0  0   0  0   4  1  1  0  0  0/0    15:41   0:00   1:29 

3 Stars

1 - Alex Ovechkin (FLA)
2 - Blake Comeau (OTT)
3 - Matthew Tkachuk (FLA)

Power Play

Senators - 0 on 2 Attempt(s) - 0,00%
Panthers - 2 on 6 Attempt(s) - 33,33%

Penalty Kill

Senators - 4 on 6 Attempt(s) - 66,67% - Score 0 goal in Penalty Kill
Panthers - 2 on 2 Attempt(s) - 100,00% - Score 0 goal in Penalty Kill

Team Stat

Senators - Hits : 26 - Faceoff Wins : 45 - Blocked Shots : 5 - Penalty Minutes : 12
Panthers - Hits : 19 - Faceoff Wins : 51 - Blocked Shots : 8 - Penalty Minutes : 4

Official

Referees : Kevin Pollock and Furman South
Linesman : Matt Brady and Stephen Drain

Game Notes

Valtteri Filppula is injured at 15:24 of 2nd period (Bruised Right Shoulder)

Finance

Level 1 -- Attendance: 5710 (95,17%) -- Ticket Income 713 750 $
Level 2 -- Attendance: 4656 (93,12%) -- Ticket Income 419 040 $
Level 3 -- Attendance: 2914 (83,26%) -- Ticket Income 203 980 $
Level 4 -- Attendance: 2897 (77,25%) -- Ticket Income 112 983 $
Luxury Box -- Attendance: 1000 (100,00%) -- Ticket Income 225 000 $
Game was played at the BBT Center.
Total Attendance: 17177 (89,23%)
Total Ticket Income: 1 674 753 $
Other Income: 820 629 $
Total Income: 2 495 382 $

% Time on Ice - Senators

Lines # - Real PCT - Wanted PCT - Time Play
Normal Forward
1 - 31% - 40% - 14:22
2 - 31% - 30% - 14:42
3 - 29% - 20% - 13:27
4 - 9% - 10% - 4:12
Normal Defense
1 - 37% - 40% - 17:12
2 - 30% - 30% - 14:08
3 - 30% - 20% - 14:01
4 - 3% - 10% - 1:22
PP Forward
1 - 57% - 60% - 1:52
2 - 43% - 40% - 1:23
PP Defense
1 - 51% - 60% - 1:40
2 - 49% - 40% - 1:35
PK Forward
1 - 68% - 60% - 6:18
2 - 32% - 40% - 3:01
PK Defense
1 - 57% - 60% - 5:17
2 - 43% - 40% - 4:02
PK3 Forward
1 - 0% - 60%
2 - 0% - 40%
PK3 Defense
1 - 0% - 60%
2 - 0% - 40%
44 Forward
1 - 100% - 60% - 0:43
2 - 0% - 40% - 0:00
44 Defense
1 - 40% - 60% - 0:17
2 - 60% - 40% - 0:26
Last Minute Offensive  - 0:00
Last Minute Defensive  - 0:00
Total
Forward - 60:00
Defense - 60:00

% Time on Ice - Panthers

Lines # - Real PCT - Wanted PCT - Time Play
Normal Forward
1 - 34% - 33% - 15:49
2 - 35% - 33% - 16:17
3 - 23% - 24% - 10:40
4 - 8% - 10% - 3:57
Normal Defense
1 - 33% - 40% - 15:27
2 - 35% - 40% - 16:10
3 - 29% - 20% - 13:30
4 - 3% - 0% - 1:36
PP Forward
1 - 54% - 50% - 5:00
2 - 46% - 50% - 4:19
PP Defense
1 - 48% - 50% - 4:26
2 - 52% - 50% - 4:53
PK Forward
1 - 77% - 60% - 2:31
2 - 23% - 40% - 0:44
PK Defense
1 - 54% - 60% - 1:46
2 - 46% - 40% - 1:29
PK3 Forward
1 - 0% - 60%
2 - 0% - 40%
PK3 Defense
1 - 0% - 60%
2 - 0% - 40%
44 Forward
1 - 60% - 50% - 0:26
2 - 40% - 50% - 0:17
44 Defense
1 - 40% - 60% - 0:17
2 - 60% - 40% - 0:26
Last Minute Offensive  - 0:00
Last Minute Defensive  - 0:00
Total
Forward - 60:00
Defense - 60:00

Play-by-Play

1st period


0:01 of 1st period - Eric Staal wins face-off versus Aleksander Barkov in neutral zone.
0:52 of 1st period - Samuel Girard is hit by Anthony Mantha and loses puck.
0:56 of 1st period - Colton Parayko is hit by Anthony Mantha and loses puck.
1:05 of 1st period - Shot by Alex Ovechkin.
1:05 of 1st period - Stopped by Anton Khudobin without a rebound.
1:06 of 1st period - Valtteri Filppula wins face-off versus Jean-Gabriel Pageau in Senators zone.
1:16 of 1st period - Icing by Oskar Sundqvist.
1:17 of 1st period - Jason Spezza wins face-off versus Andrew Copp in Panthers zone.
1:26 of 1st period - Shot by Andrew Copp.
1:26 of 1st period - Goal by Andrew Copp - Senators : 0 - Panthers : 1.
1:27 of 1st period - Valtteri Filppula wins face-off versus Dylan Larkin in neutral zone.
1:34 of 1st period - Shot by Valtteri Filppula.
1:34 of 1st period - Stopped by Corey Crawford without a rebound.
1:35 of 1st period - Jason Spezza wins face-off versus Nate Thompson in Panthers zone.
1:45 of 1st period - Vladislav Namestnikov is hit by Colton Parayko and loses puck.
1:49 of 1st period - Icing by Samuel Girard.
1:50 of 1st period - Valtteri Filppula wins face-off versus Nate Thompson in Panthers zone.
1:51 of 1st period - Shot by Blake Comeau.
1:51 of 1st period - Shot Hit the Post.
1:57 of 1st period - Shot by Samuel Girard.
1:57 of 1st period - Stopped by Anton Khudobin without a rebound.
1:58 of 1st period - Alex Ovechkin wins face-off versus Derek Ryan in Senators zone.
2:13 of 1st period - Shot by Sebastian Aho.
2:13 of 1st period - Shot Misses the Net.
2:34 of 1st period - Minor Penalty to Mike Green for Hooking.
2:35 of 1st period - Eric Staal wins face-off versus Aleksander Barkov in Senators zone.
2:45 of 1st period - Off-side.
2:46 of 1st period - Eric Staal wins face-off versus Aleksander Barkov in neutral zone.
3:03 of 1st period - Shot by Jonathan Huberdeau.
3:03 of 1st period - Shot Blocked by Alex Goligoski.
3:05 of 1st period - Shot by Samuel Girard.
3:05 of 1st period - Stopped by Anton Khudobin without a rebound.
3:06 of 1st period - Vladimir Tarasenko wins face-off versus Dylan Larkin in Senators zone.
3:17 of 1st period - Alex Goligoski is hit by Alex Ovechkin.
3:35 of 1st period - Shot by Quinn Hughes.
3:35 of 1st period - Stopped by Anton Khudobin with a rebound.
3:37 of 1st period - Shot by Quinn Hughes.
3:37 of 1st period - Shot Misses the Net.
4:00 of 1st period - Icing by Jonathan Huberdeau.
4:01 of 1st period - Aleksander Barkov wins face-off versus Vladimir Tarasenko in Panthers zone.
4:01 of 1st period - Aleksander Barkov is hit by Vladimir Tarasenko.
4:31 of 1st period - Shot by Matthew Tkachuk.
4:31 of 1st period - Stopped by Anton Khudobin without a rebound.
4:32 of 1st period - Vladislav Namestnikov wins face-off versus Dylan Larkin in Senators zone.
5:08 of 1st period - Shot by Vladislav Namestnikov.
5:08 of 1st period - Shot Misses the Net.
5:55 of 1st period - Jeff Petry is hit by Blake Comeau and loses puck.
6:16 of 1st period - Shot by Eric Staal.
6:16 of 1st period - Stopped by Corey Crawford without a rebound.
6:17 of 1st period - Aleksander Barkov wins face-off versus Eric Staal in Panthers zone.
6:17 of 1st period - Aleksander Barkov is hit by Chris Wagner.
6:18 of 1st period - Minor Penalty to Chris Wagner for Hooking.
6:19 of 1st period - Aleksander Barkov wins face-off versus Eric Staal in Senators zone.
6:27 of 1st period - Shot by Jonathan Huberdeau.
6:27 of 1st period - Shot Misses the Net.
6:29 of 1st period - Shot by Samuel Girard.
6:29 of 1st period - Stopped by Anton Khudobin without a rebound.
6:30 of 1st period - Aleksander Barkov wins face-off versus Eric Staal in Senators zone.
7:54 of 1st period - Shot by Sebastian Aho.
7:54 of 1st period - Shot Misses the Net.
7:56 of 1st period - Shot by Jeff Petry.
7:56 of 1st period - Stopped by Anton Khudobin without a rebound.
7:57 of 1st period - Aleksander Barkov wins face-off versus Vladimir Tarasenko in Senators zone.
7:58 of 1st period - Shot by Matthew Tkachuk.
7:58 of 1st period - Deflect By Jonathan Huberdeau.
7:58 of 1st period - Stopped by Anton Khudobin without a rebound.
7:59 of 1st period - Aleksander Barkov wins face-off versus Anthony Mantha in Senators zone.
8:07 of 1st period - Matthew Tkachuk is hit by Colin Miller and loses puck.
8:21 of 1st period - Vladislav Namestnikov is hit by Zdeno Chara and loses puck.
8:54 of 1st period - Icing by Robert Hagg.
8:55 of 1st period - Dylan Larkin wins face-off versus Jason Spezza in Senators zone.
10:08 of 1st period - Shot by Aleksander Barkov.
10:08 of 1st period - Shot Misses the Net.
10:14 of 1st period - Shot by Matthew Tkachuk.
10:14 of 1st period - Shot Misses the Net.
10:16 of 1st period - Shot by Jonathan Huberdeau.
10:16 of 1st period - Stopped by Anton Khudobin without a rebound.
10:17 of 1st period - Jean-Gabriel Pageau wins face-off versus Eric Staal in Senators zone.
10:18 of 1st period - Shot by Zdeno Chara.
10:18 of 1st period - Stopped by Anton Khudobin without a rebound.
10:19 of 1st period - Jean-Gabriel Pageau wins face-off versus Anthony Mantha in Senators zone.
10:19 of 1st period - Andrew Copp is hit by Alex Goligoski.
10:47 of 1st period - Shot by Andrew Copp.
10:47 of 1st period - Stopped by Anton Khudobin without a rebound.
10:48 of 1st period - Aleksander Barkov wins face-off versus Valtteri Filppula in Senators zone.
10:48 of 1st period - Samuel Girard is hit by Colin Miller and loses puck.
10:50 of 1st period - Minor Penalty to Colin Miller for Diving.
10:51 of 1st period - Dylan Larkin wins face-off versus Eric Staal in Senators zone.
11:02 of 1st period - Shot by Quinn Hughes.
11:02 of 1st period - Stopped by Anton Khudobin without a rebound.
11:03 of 1st period - Aleksander Barkov wins face-off versus Vladimir Tarasenko in Senators zone.
11:04 of 1st period - Shot by Colton Parayko.
11:04 of 1st period - Shot Misses the Net.
11:06 of 1st period - Shot by Matthew Tkachuk.
11:06 of 1st period - Stopped by Anton Khudobin without a rebound.
11:07 of 1st period - Dylan Larkin wins face-off versus Eric Staal in Senators zone.
11:12 of 1st period - Shot by Jeff Petry.
11:12 of 1st period - Shot Misses the Net.
11:24 of 1st period - Shot by Sebastian Aho.
11:24 of 1st period - Goal by Sebastian Aho - Senators : 0 - Panthers : 2.
11:25 of 1st period - Eric Staal wins face-off versus Aleksander Barkov in neutral zone.
11:34 of 1st period - Shot by Mark Stone.
11:34 of 1st period - Stopped by Corey Crawford without a rebound.
11:35 of 1st period - Dylan Larkin wins face-off versus Valtteri Filppula in Panthers zone.
11:35 of 1st period - Dylan Larkin is hit by Blake Comeau.
11:42 of 1st period - Alex Ovechkin is hit by Alex Goligoski and loses puck.
12:13 of 1st period - Shot by Sebastian Aho.
12:13 of 1st period - Stopped by Anton Khudobin without a rebound.
12:14 of 1st period - Eric Staal wins face-off versus Aleksander Barkov in Senators zone.
12:30 of 1st period - Shot by Eric Staal.
12:30 of 1st period - Shot Blocked by Quinn Hughes.
13:14 of 1st period - Icing by Nate Thompson.
13:15 of 1st period - Valtteri Filppula wins face-off versus Derek Grant in Panthers zone.
13:51 of 1st period - Off-side.
13:52 of 1st period - Jason Spezza wins face-off versus Dylan Larkin in neutral zone.
14:56 of 1st period - Shot by Aleksander Barkov.
14:56 of 1st period - Stopped by Anton Khudobin without a rebound.
14:57 of 1st period - Jean-Gabriel Pageau wins face-off versus Valtteri Filppula in Senators zone.
15:02 of 1st period - Shot by Andrew Copp.
15:02 of 1st period - Shot Misses the Net.
15:04 of 1st period - Shot by Zdeno Chara.
15:04 of 1st period - Stopped by Anton Khudobin with a rebound.
15:06 of 1st period - Shot by Zdeno Chara.
15:06 of 1st period - Stopped by Anton Khudobin without a rebound.
15:07 of 1st period - Aleksander Barkov wins face-off versus Eric Staal in Senators zone.
15:47 of 1st period - Shot by Mark Stone.
15:47 of 1st period - Stopped by Corey Crawford without a rebound.
15:48 of 1st period - Jean-Gabriel Pageau wins face-off versus Valtteri Filppula in Panthers zone.
15:48 of 1st period - Jean-Gabriel Pageau is hit by Valtteri Filppula.
16:49 of 1st period - Shot by Sebastian Aho.
16:49 of 1st period - Stopped by Anton Khudobin without a rebound.
16:50 of 1st period - Aleksander Barkov wins face-off versus Eric Staal in Senators zone.
17:11 of 1st period - Shot by Jonathan Huberdeau.
17:11 of 1st period - Stopped by Anton Khudobin with a rebound.
17:57 of 1st period - Shot by Sebastian Aho.
17:57 of 1st period - Stopped by Anton Khudobin without a rebound.
17:58 of 1st period - Jason Spezza wins face-off versus Jean-Gabriel Pageau in Senators zone.
18:06 of 1st period - Icing by Zdeno Chara.
18:07 of 1st period - Jean-Gabriel Pageau wins face-off versus Valtteri Filppula in Panthers zone.
18:07 of 1st period - Jean-Gabriel Pageau is hit by Blake Comeau.
18:14 of 1st period - Andrew Copp is hit by Colin Miller and loses puck.
19:08 of 1st period - Vladislav Namestnikov is hit by Alex Ovechkin and loses puck.
19:29 of 1st period - Shot by Sebastian Aho.
19:29 of 1st period - Stopped by Anton Khudobin without a rebound.
19:30 of 1st period - Aleksander Barkov wins face-off versus Derek Ryan in Senators zone.
Goals for this period are 0 for Senators vs 2 for Panthers.
Shots for this period are 4 for Senators vs 23 for Panthers.

2nd period


0:01 of 2nd period - Eric Staal wins face-off versus Matthew Tkachuk in neutral zone.
0:27 of 2nd period - Shot by Matthew Tkachuk.
0:27 of 2nd period - Goal by Matthew Tkachuk - Senators : 0 - Panthers : 3.
0:28 of 2nd period - Dylan Larkin wins face-off versus Valtteri Filppula in neutral zone.
0:56 of 2nd period - Shot by Alex Ovechkin.
0:56 of 2nd period - Shot Misses the Net.
1:09 of 2nd period - Off-side.
1:10 of 2nd period - Eric Staal wins face-off versus Aleksander Barkov in neutral zone.
1:23 of 2nd period - Shot by Matthew Tkachuk.
1:23 of 2nd period - Deflect By Jonathan Huberdeau.
1:23 of 2nd period - Stopped by Anton Khudobin without a rebound.
1:24 of 2nd period - Jason Spezza wins face-off versus Jean-Gabriel Pageau in Senators zone.
1:44 of 2nd period - Roope Hintz is hit by Philippe Myers.
2:22 of 2nd period - Icing by Samuel Girard.
2:23 of 2nd period - Eric Staal wins face-off versus Aleksander Barkov in Panthers zone.
2:24 of 2nd period - Shot by Anthony Mantha.
2:24 of 2nd period - Stopped by Corey Crawford with a rebound.
2:46 of 2nd period - Shot by Mark Stone.
2:46 of 2nd period - Shot Misses the Net.
2:48 of 2nd period - Shot by Eric Staal.
2:48 of 2nd period - Shot Misses the Net.
2:50 of 2nd period - Shot by Mike Green.
2:50 of 2nd period - Stopped by Corey Crawford without a rebound.
2:51 of 2nd period - Valtteri Filppula wins face-off versus Dylan Larkin in Panthers zone.
2:56 of 2nd period - Shot by Blake Comeau.
2:56 of 2nd period - Shot Blocked by Alex Ovechkin.
3:00 of 2nd period - Shot by Valtteri Filppula.
3:00 of 2nd period - Stopped by Corey Crawford without a rebound.
3:01 of 2nd period - Valtteri Filppula wins face-off versus Matt Calvert in Panthers zone.
3:01 of 2nd period - Valtteri Filppula is hit by Jeff Petry.
3:07 of 2nd period - Shot by Vladimir Tarasenko.
3:07 of 2nd period - Shot Blocked by Jeff Petry.
3:09 of 2nd period - Shot by Blake Comeau.
3:09 of 2nd period - Stopped by Corey Crawford without a rebound.
3:10 of 2nd period - Aleksander Barkov wins face-off versus Eric Staal in Panthers zone.
3:10 of 2nd period - Aleksander Barkov is hit by Mark Stone.
3:35 of 2nd period - Off-side.
3:36 of 2nd period - Dylan Larkin wins face-off versus Valtteri Filppula in neutral zone.
3:46 of 2nd period - Shot by Sebastian Aho.
3:46 of 2nd period - Stopped by Anton Khudobin without a rebound.
3:47 of 2nd period - Nate Thompson wins face-off versus Jason Spezza in Senators zone.
3:59 of 2nd period - Icing by Roope Hintz.
4:00 of 2nd period - Dylan Larkin wins face-off versus Jason Spezza in Senators zone.
4:11 of 2nd period - Shot by Sebastian Aho.
4:11 of 2nd period - Shot Misses the Net.
4:55 of 2nd period - Samuel Girard is hit by Mike Green and loses puck.
5:17 of 2nd period - Icing by Mike Green.
5:18 of 2nd period - Andrew Copp wins face-off versus Eric Staal in Senators zone.
5:22 of 2nd period - Minor Penalty to Mike Green for Holding Stick.
5:23 of 2nd period - Eric Staal wins face-off versus Matthew Tkachuk in Senators zone.
5:51 of 2nd period - Shot by Jeff Petry.
5:51 of 2nd period - Shot Hit the Post.
5:53 of 2nd period - Shot by Quinn Hughes.
5:53 of 2nd period - Shot Misses the Net.
5:55 of 2nd period - Shot by Jeff Petry.
5:55 of 2nd period - Stopped by Anton Khudobin without a rebound.
5:56 of 2nd period - Dylan Larkin wins face-off versus Vladimir Tarasenko in Senators zone.
6:06 of 2nd period - Sebastian Aho is hit by Justin Falk and loses puck.
6:15 of 2nd period - Samuel Girard is hit by Anthony Mantha and loses puck.
6:30 of 2nd period - Shot by Dylan Larkin.
6:30 of 2nd period - Shot Hit the Post.
7:17 of 2nd period - Shot by Jeff Petry.
7:17 of 2nd period - Stopped by Anton Khudobin with a rebound.
9:09 of 2nd period - Shot by Dylan Larkin.
9:09 of 2nd period - Stopped by Anton Khudobin without a rebound.
9:10 of 2nd period - Aleksander Barkov wins face-off versus Derek Ryan in Senators zone.
9:13 of 2nd period - Shot by Jonathan Huberdeau.
9:13 of 2nd period - Shot Misses the Net.
9:20 of 2nd period - Chris Wagner is hit by Philippe Myers and loses puck.
9:27 of 2nd period - Shot by Derek Ryan.
9:27 of 2nd period - Shot Blocked by Philippe Myers.
9:29 of 2nd period - Shot by Mike Green.
9:29 of 2nd period - Shot Misses the Net.
9:44 of 2nd period - Shot by Chris Wagner.
9:44 of 2nd period - Shot Blocked by Philippe Myers.
9:57 of 2nd period - Icing by Aleksander Barkov.
9:58 of 2nd period - Aleksander Barkov wins face-off versus Roope Hintz in Panthers zone.
10:16 of 2nd period - Minor Penalty to Colton Parayko for Holding.
10:17 of 2nd period - Anthony Mantha wins face-off versus Jean-Gabriel Pageau in Panthers zone.
10:20 of 2nd period - Shot by Mike Green.
10:20 of 2nd period - Stopped by Corey Crawford without a rebound.
10:21 of 2nd period - Jean-Gabriel Pageau wins face-off versus Eric Staal in Panthers zone.
10:29 of 2nd period - Off-side.
10:30 of 2nd period - Eric Staal wins face-off versus Jean-Gabriel Pageau in neutral zone.
11:08 of 2nd period - Anthony Mantha is hit by Jeff Petry and loses puck.
11:29 of 2nd period - Shot by Vladimir Tarasenko.
11:29 of 2nd period - Stopped by Corey Crawford without a rebound.
11:30 of 2nd period - Alex Galchenyuk wins face-off versus Derek Grant in Panthers zone.
11:32 of 2nd period - Minor Penalty to Anthony Mantha for Hooking.
11:33 of 2nd period - Eric Staal wins face-off versus Aleksander Barkov in Senators zone.
11:33 of 2nd period - Eric Staal is hit by Aleksander Barkov.
11:58 of 2nd period - Shot by Aleksander Barkov.
11:58 of 2nd period - Stopped by Anton Khudobin without a rebound.
11:59 of 2nd period - Alex Galchenyuk wins face-off versus Dylan Larkin in Senators zone.
12:04 of 2nd period - Jeff Petry is hit by Mark Stone and loses puck.
12:48 of 2nd period - Shot by Colton Parayko.
12:48 of 2nd period - Stopped by Anton Khudobin without a rebound.
12:49 of 2nd period - Dylan Larkin wins face-off versus Eric Staal in Senators zone.
13:04 of 2nd period - Shot by Alex Ovechkin.
13:04 of 2nd period - Goal by Alex Ovechkin - Senators : 0 - Panthers : 4.
13:05 of 2nd period - Jason Spezza wins face-off versus Jean-Gabriel Pageau in neutral zone.
13:18 of 2nd period - Shot by Andrew Copp.
13:18 of 2nd period - Stopped by Anton Khudobin without a rebound.
13:19 of 2nd period - Valtteri Filppula wins face-off versus Dylan Larkin in Senators zone.
13:30 of 2nd period - Icing by Dylan Larkin.
13:31 of 2nd period - Dylan Larkin wins face-off versus Chris Wagner in Panthers zone.
14:35 of 2nd period - Off-side.
14:36 of 2nd period - Jason Spezza wins face-off versus Jean-Gabriel Pageau in neutral zone.
15:05 of 2nd period - Shot by Andrew Copp.
15:05 of 2nd period - Stopped by Anton Khudobin with a rebound.
15:15 of 2nd period - Shot by Roope Hintz.
15:15 of 2nd period - Stopped by Corey Crawford without a rebound.
15:16 of 2nd period - Valtteri Filppula wins face-off versus Aleksander Barkov in Panthers zone.
15:23 of 2nd period - Valtteri Filppula is hit by Matthew Tkachuk and loses puck.
15:24 of 2nd period - Valtteri Filppula from Senators is injured at 15:24 of 2nd period (Bruised Right Shoulder).
15:25 of 2nd period - Alex Galchenyuk wins face-off versus Alex Ovechkin in Senators zone.
15:30 of 2nd period - Shot by Vladimir Tarasenko.
15:30 of 2nd period - Shot Misses the Net.
15:39 of 2nd period - Icing by Colton Parayko.
15:40 of 2nd period - Dylan Larkin wins face-off versus Eric Staal in Panthers zone.
15:48 of 2nd period - Icing by Colin Miller.
15:49 of 2nd period - Aleksander Barkov wins face-off versus Eric Staal in Senators zone.
15:52 of 2nd period - Shot by Matthew Tkachuk.
15:52 of 2nd period - Stopped by Anton Khudobin without a rebound.
15:53 of 2nd period - Mark Stone wins face-off versus Aleksander Barkov in Senators zone.
16:12 of 2nd period - Shot by Matthew Tkachuk.
16:12 of 2nd period - Shot Misses the Net.
16:14 of 2nd period - Shot by Aleksander Barkov.
16:14 of 2nd period - Deflect By Jonathan Huberdeau.
16:14 of 2nd period - Shot Blocked by Mike Green.
16:16 of 2nd period - Shot by Matthew Tkachuk.
16:16 of 2nd period - Stopped by Anton Khudobin without a rebound.
16:17 of 2nd period - Dylan Larkin wins face-off versus Alex Galchenyuk in Senators zone.
16:29 of 2nd period - Shot by Dylan Larkin.
16:29 of 2nd period - Stopped by Anton Khudobin without a rebound.
16:30 of 2nd period - Eric Staal wins face-off versus Jean-Gabriel Pageau in Senators zone.
16:30 of 2nd period - Eric Staal is hit by Jean-Gabriel Pageau.
16:33 of 2nd period - Icing by Alex Goligoski.
16:34 of 2nd period - Eric Staal wins face-off versus Aleksander Barkov in Senators zone.
17:17 of 2nd period - Off-side.
17:18 of 2nd period - Alex Galchenyuk wins face-off versus Dylan Larkin in neutral zone.
17:26 of 2nd period - Shot by Vladimir Tarasenko.
17:26 of 2nd period - Shot Misses the Net.
17:47 of 2nd period - Sebastian Aho is hit by Colin Miller and loses puck.
19:12 of 2nd period - Shot by Jonathan Huberdeau.
19:12 of 2nd period - Shot Misses the Net.
19:21 of 2nd period - Icing by Mark Stone.
19:22 of 2nd period - Eric Staal wins face-off versus Nate Thompson in Senators zone.
19:22 of 2nd period - Eric Staal is hit by Matt Calvert.
19:52 of 2nd period - Shot by Roope Hintz.
19:52 of 2nd period - Stopped by Corey Crawford with a rebound.
Goals for this period are 0 for Senators vs 2 for Panthers.
Shots for this period are 8 for Senators vs 14 for Panthers.

3rd period


0:01 of 3rd period - Aleksander Barkov wins face-off versus Eric Staal in neutral zone.
0:54 of 3rd period - Shot by Alex Ovechkin.
0:54 of 3rd period - Shot Misses the Net.
0:56 of 3rd period - Shot by Samuel Girard.
0:56 of 3rd period - Shot Blocked by Alex Goligoski.
1:08 of 3rd period - Shot by Dylan Larkin.
1:08 of 3rd period - Shot Blocked by Mike Green.
1:10 of 3rd period - Shot by Colton Parayko.
1:10 of 3rd period - Stopped by Anton Khudobin without a rebound.
1:11 of 3rd period - Alex Galchenyuk wins face-off versus Jean-Gabriel Pageau in Senators zone.
1:16 of 3rd period - Shot by Vladimir Tarasenko.
1:16 of 3rd period - Shot Blocked by Philippe Myers.
1:26 of 3rd period - Shot by Blake Comeau.
1:26 of 3rd period - Goal by Blake Comeau - Senators : 1 - Panthers : 4.
1:27 of 3rd period - Jason Spezza wins face-off versus Dylan Larkin in neutral zone.
1:45 of 3rd period - Shot by Jason Spezza.
1:45 of 3rd period - Stopped by Corey Crawford with a rebound.
1:47 of 3rd period - Shot by Jason Spezza.
1:47 of 3rd period - Shot Misses the Net.
1:51 of 3rd period - Shot by Roope Hintz.
1:51 of 3rd period - Shot Misses the Net.
1:58 of 3rd period - Shot by Roope Hintz.
1:58 of 3rd period - Shot Misses the Net.
2:00 of 3rd period - Shot by Roope Hintz.
2:00 of 3rd period - Stopped by Corey Crawford with a rebound.
2:45 of 3rd period - Andy Greene is hit by Matthew Tkachuk and loses puck.
3:25 of 3rd period - Shot by Eric Staal.
3:25 of 3rd period - Stopped by Corey Crawford without a rebound.
3:26 of 3rd period - Nate Thompson wins face-off versus Roope Hintz in Panthers zone.
3:26 of 3rd period - Nate Thompson is hit by Vladislav Namestnikov.
3:31 of 3rd period - Off-side.
3:32 of 3rd period - Dylan Larkin wins face-off versus Jason Spezza in neutral zone.
3:32 of 3rd period - Dylan Larkin is hit by Roope Hintz.
3:44 of 3rd period - Shot by Jason Spezza.
3:44 of 3rd period - Deflect By Vladislav Namestnikov.
3:44 of 3rd period - Stopped by Corey Crawford with a rebound.
3:58 of 3rd period - Shot by Sebastian Aho.
3:58 of 3rd period - Stopped by Anton Khudobin with a rebound.
3:59 of 3rd period - Minor Penalty to Justin Falk for Roughing.
4:00 of 3rd period - Eric Staal wins face-off versus Aleksander Barkov in Senators zone.
4:32 of 3rd period - Colin Miller is hit by Matthew Tkachuk and loses puck.
5:01 of 3rd period - Shot by Sebastian Aho.
5:01 of 3rd period - Stopped by Anton Khudobin without a rebound.
5:02 of 3rd period - Dylan Larkin wins face-off versus Vladimir Tarasenko in Senators zone.
5:20 of 3rd period - Alex Ovechkin is hit by Mike Green and loses puck.
6:10 of 3rd period - Off-side.
6:11 of 3rd period - Blake Comeau wins face-off versus Aleksander Barkov in neutral zone.
7:04 of 3rd period - Shot by Roope Hintz.
7:04 of 3rd period - Shot Blocked by Quinn Hughes.
7:06 of 3rd period - Shot by Jason Spezza.
7:06 of 3rd period - Stopped by Corey Crawford without a rebound.
7:07 of 3rd period - Jean-Gabriel Pageau wins face-off versus Eric Staal in Panthers zone.
7:16 of 3rd period - Shot by Jean-Gabriel Pageau.
7:16 of 3rd period - Deflect By Andrew Copp.
7:16 of 3rd period - Shot Misses the Net.
7:18 of 3rd period - Shot by Oskar Sundqvist.
7:18 of 3rd period - Stopped by Anton Khudobin without a rebound.
7:19 of 3rd period - Dylan Larkin wins face-off versus Derek Ryan in Senators zone.
7:19 of 3rd period - Sebastian Aho is hit by Andy Greene.
7:34 of 3rd period - Shot by Sebastian Aho.
7:34 of 3rd period - Shot Misses the Net.
7:36 of 3rd period - Shot by Colton Parayko.
7:36 of 3rd period - Stopped by Anton Khudobin without a rebound.
7:37 of 3rd period - Jason Spezza wins face-off versus Jean-Gabriel Pageau in Senators zone.
7:58 of 3rd period - Shot by Vladislav Namestnikov.
7:58 of 3rd period - Shot Misses the Net.
8:00 of 3rd period - Shot by Vladislav Namestnikov.
8:00 of 3rd period - Stopped by Corey Crawford with a rebound.
8:02 of 3rd period - Shot by Alex Goligoski.
8:02 of 3rd period - Shot Blocked by Zdeno Chara.
9:04 of 3rd period - Shot by Alex Ovechkin.
9:04 of 3rd period - Stopped by Anton Khudobin with a rebound.
9:17 of 3rd period - Icing by Samuel Girard.
9:18 of 3rd period - Dylan Larkin wins face-off versus Alex Galchenyuk in Panthers zone.
9:18 of 3rd period - Dylan Larkin is hit by Blake Comeau.
9:32 of 3rd period - Shot by Alex Ovechkin.
9:32 of 3rd period - Shot Misses the Net.
11:08 of 3rd period - Shot by Eric Staal.
11:08 of 3rd period - Goal by Eric Staal - Senators : 2 - Panthers : 4.
11:09 of 3rd period - Nate Thompson wins face-off versus Alex Galchenyuk in neutral zone.
11:22 of 3rd period - Shot by Derek Grant.
11:22 of 3rd period - Shot Blocked by Blake Comeau.
11:29 of 3rd period - Minor Penalty to Nate Thompson for Hooking.
11:30 of 3rd period - Jean-Gabriel Pageau wins face-off versus Eric Staal in Panthers zone.
11:40 of 3rd period - Icing by Eric Staal.
11:41 of 3rd period - Jean-Gabriel Pageau wins face-off versus Eric Staal in Senators zone.
11:55 of 3rd period - Alex Goligoski is hit by Colton Parayko.
12:39 of 3rd period - Shot by Vladimir Tarasenko.
12:39 of 3rd period - Deflect By Alex Galchenyuk.
12:39 of 3rd period - Stopped by Corey Crawford without a rebound.
12:40 of 3rd period - Jean-Gabriel Pageau wins face-off versus Alex Galchenyuk in Panthers zone.
12:40 of 3rd period - Jean-Gabriel Pageau is hit by Alex Galchenyuk.
13:05 of 3rd period - Icing by Andy Greene.
13:06 of 3rd period - Alex Galchenyuk wins face-off versus Jean-Gabriel Pageau in Senators zone.
13:44 of 3rd period - Shot by Mike Green.
13:44 of 3rd period - Stopped by Corey Crawford with a rebound.
14:22 of 3rd period - Shot by Mark Stone.
14:22 of 3rd period - Shot Misses the Net.
14:27 of 3rd period - Eric Staal is hit by Jeff Petry and loses puck.
15:15 of 3rd period - Vladimir Tarasenko is hit by Colton Parayko and loses puck.
15:36 of 3rd period - Off-side.
15:37 of 3rd period - Jean-Gabriel Pageau wins face-off versus Roope Hintz in neutral zone.
15:44 of 3rd period - Alex Goligoski is hit by Jean-Gabriel Pageau and loses puck.
15:50 of 3rd period - Icing by Alex Goligoski.
15:51 of 3rd period - Nate Thompson wins face-off versus Jason Spezza in Senators zone.
16:11 of 3rd period - Jason Spezza is hit by Colton Parayko.
16:47 of 3rd period - Shot by Mark Stone.
16:47 of 3rd period - Stopped by Corey Crawford without a rebound.
16:48 of 3rd period - Alex Galchenyuk wins face-off versus Jean-Gabriel Pageau in Panthers zone.
17:10 of 3rd period - Icing by Quinn Hughes.
17:11 of 3rd period - Eric Staal wins face-off versus Jean-Gabriel Pageau in Panthers zone.
17:12 of 3rd period - Shot by Mark Stone.
17:12 of 3rd period - Shot Misses the Net.
17:25 of 3rd period - Jean-Gabriel Pageau is hit by Justin Falk and loses puck.
17:38 of 3rd period - Shot by Alex Ovechkin.
17:38 of 3rd period - Shot Misses the Net.
17:52 of 3rd period - Shot by Alex Ovechkin.
17:52 of 3rd period - Stopped by Anton Khudobin with a rebound.
17:54 of 3rd period - Shot by Zdeno Chara.
17:54 of 3rd period - Stopped by Anton Khudobin without a rebound.
17:55 of 3rd period - Aleksander Barkov wins face-off versus Alex Galchenyuk in Senators zone.
17:56 of 3rd period - Shot by Jonathan Huberdeau.
17:56 of 3rd period - Shot Misses the Net.
17:58 of 3rd period - Shot by Aleksander Barkov.
17:58 of 3rd period - Shot Misses the Net.
18:17 of 3rd period - Shot by Jonathan Huberdeau.
18:17 of 3rd period - Shot Misses the Net.
18:19 of 3rd period - Shot by Matthew Tkachuk.
18:19 of 3rd period - Stopped by Anton Khudobin without a rebound.
18:20 of 3rd period - Dylan Larkin wins face-off versus Jason Spezza in Senators zone.
Goals for this period are 2 for Senators vs 0 for Panthers.
Shots for this period are 11 for Senators vs 9 for Panthers.